 Dungeon Crawl Stone Soup version 0.22.1-1-ga44c0e56f4 (webtiles) character file.

1113 Gargoyl the Chopper (level 8, -7/67 HPs)
             Began as a Centaur Abyssal Knight on Sept 26, 2018.
             Was a Priest of Lugonu.
             Mangled by an ogre
             ... wielding a +0 giant club
              (20 damage)
             ... on level 5 of the Dungeon.
             The game lasted 00:08:11 (5433 turns).

Gargoyl the Chopper (Centaur Abyssal Knight)        Turns: 5433, Time: 00:08:12

Health: -7/67      AC: 12    Str: 14    XL:     8   Next: 12%
Magic:  11/11      EV:  2    Int: 11    God:    Lugonu [***...]
Gold:   146        SH:  0    Dex: 10    Spells: 7/7 levels left

rFire    . . .     SeeInvis .   a - +2 hand axe
rCold    . . .     Gourm    .   (no shield)
rNeg     . . .     Faith    .   k - +1 plate armour
rPois    +         Spirit   .   (no helmet)
rElec    .         Reflect  .   (no cloak)
rCorr    +         Harm     .   i - +0 pair of gloves
MR       .....                  (no barding)
Stlth    ..........             (no amulet)
HPRegen  0.21/turn              b - ring of resist corrosion
MPRegen  0.12/turn              e - ring of poison resistance

@: very quick
A: large, hooves 3, deformed body, speed 2, tough skin 3, weak 1
a: Depart the Abyss, Bend Space, Banish, Renounce Religion


You were on level 5 of the Dungeon.
You worshipped Lugonu.
Lugonu was most pleased with you.
You were not hungry.

You visited 1 branch of the dungeon, and saw 5 of its levels.
You visited the Abyss 1 time.

You collected 146 gold pieces.

Inventory:

Hand Weapons
 a - a +2 hand axe (weapon)
Missiles
 u - 6 tomahawks of returning (quivered)
Armour
 i - a +0 pair of gloves (worn)
 k - a +1 plate armour (worn)
Jewellery
 b - a ring of resist corrosion (left hand)
 e - a ring of poison resistance (right hand)
 g - a +3 ring of strength {unknown}
 m - an uncursed ring of fire {unknown}
 n - an uncursed ring of stealth {unknown}
Wands
 p - a wand of random effects (18)
 t - a wand of flame (64)
Scrolls
 o - 3 scrolls of teleportation
 s - a scroll of remove curse
 x - a scroll of enchant armour
Potions
 d - a potion of ambrosia {unknown}
 f - 4 potions of curing
 h - a potion of mutation {unknown}
 j - 3 potions of agility {unknown}
 l - 2 potions of heal wounds {unknown}
 q - a potion of lignification {unknown}
 r - a potion of berserk rage {unknown}
 v - a potion of might
Comestibles
 c - 12 rations


   Skills:
 + Level 4.8 Fighting
 + Level 4.9 Axes
 + Level 0.8 Throwing
 * Level 4.6 Armour
 + Level 1.0 Dodging
 * Level 4.4 Invocations


You had 7 spell levels left.
You didn't know any spells.
Your spell library was empty.

Dungeon Overview and Level Annotations

Branches:
Dungeon (5/15)
 Temple: D:4-7

Altars:
Fedhas
Okawaru
Qazlal
Trog
Xom
The Shining One


Innate Abilities, Weirdness & Mutations

You have hooves in place of feet.
Armour fits poorly on your strangely shaped body.
You cover ground very quickly.
You have extremely tough skin. (AC +3)
You are weak. (Str -2)


Message History

The ogre hits you with a giant club!!
You hit the ogre.
The ogre is heavily wounded.
The ogre hits you but does no damage.
You hit the ogre.
The ogre is severely wounded.
The ogre hits you with a giant club! The shadow imp hits you.
Your plate armour prevents you from hitting the ogre.
The ogre is severely wounded.
You closely miss the shadow imp. The shadow imp hits you.
You hit the ogre but do no damage.
The ogre is severely wounded.
You hit the shadow imp. The ogre hits you with a giant club!!
* * * LOW HITPOINT WARNING * * *
The shadow imp hits you.
* * * LOW HITPOINT WARNING * * *
You barely miss the ogre.
The ogre is heavily wounded.
You hit the shadow imp. The ogre hits you with a giant club!!
You die...

#.######### ##
........#.# .# #
.####...#.## # .# .# .#
#.......# .#.##.### ##
#.......# .........
####.......#####........
..##>...........(.......
..##........#...O5......
..##....).....##@>..$...
..##........####........
........................
..##........############
..##.......##
..###.......# ..#
#.......# ..# #.......#
### ##.....##


You could see an ogre and a shadow imp.

Vanquished Creatures
  The ghost of flt the Sneak, a novice OpAs (D:5)
  2 phantoms
  A scorpion (D:5)
  A crimson imp (D:2)
  2 howler monkeys (D:4)
  3 hounds
  An orc priest (D:3)
  2 centaur skeletons
  2 orc wizards (D:5)
  Jessica (D:2)
  Ijyb (D:4)
  A worker ant (D:4)
  2 gnolls (D:4)
  6 adders
  An ooze (D:2)
  3 worms
  5 dart slugs
  2 leopard geckos (D:3)
  12 orcs
  3 ball pythons
  10 giant cockroaches
  17 goblins
  9 hobgoblins
  8 jackals
  2 quokkas
  8 bats
  9 frilled lizards
  A giant cockroach zombie (D:5)
  7 kobolds
  7 rats
130 creatures vanquished.

Notes
Turn   | Place    | Note
-------+----------+-------------------------------------------
     0 | Abyss:1  | Gargoyl the Centaur Abyssal Knight began the quest for the
                  | Orb.
     0 | Abyss:1  | Reached XP level 1. HP: 19/19 MP: 2/2
    53 | Abyss:1  | Noticed a neqoxec
    58 | Abyss:1  | Gained mutation: You are weak. (Str -2) [a neqoxec]
    62 | D:1      | Escaped the Abyss
   199 | D:1      | Reached * piety under Lugonu
   215 | D:1      | You fall through a shaft!
   231 | D:2      | Noticed Jessica
   236 | D:2      | Killed Jessica
   236 | D:2      | Reached XP level 2. HP: 16/26 MP: 3/3
   236 | D:2      | Reached XP level 3. HP: 19/31 MP: 4/4
  1243 | D:2      | Reached XP level 4. HP: 34/39 MP: 6/6
  1610 | D:2      | Reached ** piety under Lugonu
  2458 | D:3      | Reached XP level 5. HP: 46/46 MP: 7/7
  2664 | D:3      | Found a shimmering altar of Xom.
  2946 | D:3      | Found a bloodstained altar of Trog.
  3009 | D:3      | Found a blossoming altar of Fedhas.
  3031 | D:3      | Found a glowing golden altar of the Shining One.
  3220 | D:3      | Reached XP level 6. HP: 51/52 MP: 8/8
  3836 | D:4      | Noticed Ijyb
  3864 | D:4      | Killed Ijyb
  3877 | D:4      | Reached *** piety under Lugonu
  4097 | D:4      | Found a stormy altar of Qazlal.
  4303 | D:4      | Reached skill level 1 in Dodging
  4303 | D:4      | Reached XP level 7. HP: 41/59 MP: 9/9
  4745 | D:4      | Found an iron altar of Okawaru.
  4958 | D:5      | Entered Level 5 of the Dungeon
  4983 | D:5      | Found a runed door.
  4983 | D:5      | Noticed flt's ghost (novice OpAs)
  5021 | D:5      | Killed flt's ghost
  5086 | D:5      | Reached XP level 8. HP: 38/67 MP: 11/11
  5433 | D:5      | Mangled by an ogre

Skill      XL: |  1  2  3  4  5  6  7 |
---------------+----------------------+-----
Axes           | 2 3 4 |  4.9
Armour         | 2 3 4 |  4.6
Invocations    | 3 4 |  4.4
Fighting       | 4 |  4.8
Dodging        | 1 |  1.0
Throwing       | |  0.8

Action                   |  1- 3 |  4- 6 |  7- 9 || total
-------------------------+-------+-------+-------++-------
Melee: Hand axe          |   105 |   297 |   106 ||   508
       Kick              |    13 |    46 |    17 ||    76
Throw: Tomahawk          |       |     5 |    12 ||    17
Invok: Depart the Abyss  |     1 |       |       ||     1
  Use: Scroll            |     1 |     4 |     2 ||     7
  Eat: Chunk             |       |     9 |     3 ||    12
Armor: Leather armour    |    53 |     1 |       ||    54
       Plate armour      |       |   293 |   101 ||   394
Dodge: Dodged            |    48 |    28 |     8 ||    84
